 Dungeon Crawl Stone Soup version 0.22.0 (webtiles) character file.

981 Blackhawk the Ducker (level 8, 0/63 HPs)
             Began as a Gnoll Gladiator on Oct 22, 2018.
             Slain by a gnoll
             ... wielding a +0 spear
              (4 damage)
             ... on level 5 of the Dungeon.
             The game lasted 00:08:09 (4519 turns).

Blackhawk the Ducker (Gnoll Gladiator)              Turns: 4519, Time: 00:08:09

Health: 0/63       AC:  4    Str: 17    XL:     8   Next: 17%
Magic:  12/12      EV: 17    Int: 11    God:
Gold:   265        SH:  0    Dex: 18    Spells: 13/13 levels left

rFire    . . .     SeeInvis .   o - +0 scythe (venom)
rCold    . . .     Gourm    .   (shield currently unavailable)
rNeg     . . .     Faith    .   p - +1 robe
rPois    .         Spirit   .   c - +0 helmet
rElec    .         Reflect  .   (no cloak)
rCorr    .         Harm     .   (no gloves)
MR       .....                  (no boots)
Stlth    ++........             (no amulet)
HPRegen  0.20/turn              (no ring)
MPRegen  0.13/turn              (no ring)

@: lethally poisoned (0 -> 0)
A: distributed training, fangs 1, strong nose
a: no special abilities


You were on level 5 of the Dungeon.
You were not hungry.

You visited 2 branches of the dungeon, and saw 6 of its levels.

You collected 265 gold pieces.

Inventory:

Hand Weapons
 a - a +0 flail
 m - a +0 hunting sling
 o - a +0 scythe of venom (weapon)
Missiles
 d - 4 throwing nets (quivered)
Armour
 b - a +0 leather armour
 c - a +0 helmet (worn)
 p - a +1 robe (worn)
 v - a cursed -1 leather armour
Jewellery
 g - a cursed amulet of inaccuracy {unknown}
 n - an uncursed ring of fire {unknown}
 u - a +2 ring of evasion {unknown}
 w - an uncursed ring of wizardry {unknown}
Scrolls
 e - 5 scrolls of teleportation {unknown}
 h - 4 scrolls of identify {unknown}
 j - 4 scrolls of remove curse {unknown}
 q - 2 scrolls of magic mapping {unknown}
 r - 2 scrolls of amnesia {unknown}
 s - a scroll of noise {unknown}
Potions
 i - a potion of magic {unknown}
 k - 2 potions of curing
 l - a potion of flight {unknown}
 t - a potion of lignification {unknown}
 z - a potion of heal wounds {unknown}
Comestibles
 f - 4 rations
 x - 3 chunks of flesh


   Skills:
 + Level 5.5 Fighting
 + Level 3.0 Short Blades
 + Level 3.0 Long Blades
 + Level 3.0 Axes
 + Level 7.2 Maces & Flails
 + Level 3.0 Polearms
 + Level 3.0 Staves
 + Level 3.0 Slings
 + Level 3.0 Bows
 + Level 3.0 Crossbows
 + Level 5.5 Throwing
 + Level 3.0 Armour
 + Level 7.2 Dodging
 + Level 3.0 Stealth
 + Level 3.0 Shields
 + Level 3.0 Unarmed Combat
 + Level 3.0 Spellcasting
 + Level 2.4 Conjurations
 + Level 2.4 Hexes
 + Level 2.4 Charms
 + Level 2.4 Summonings
 + Level 2.4 Necromancy
 + Level 2.4 Translocations
 + Level 2.4 Transmutations
 + Level 2.4 Fire Magic
 + Level 2.4 Ice Magic
 + Level 2.4 Air Magic
 + Level 2.4 Earth Magic
 + Level 2.4 Poison Magic
 + Level 3.2 Invocations
 + Level 3.0 Evocations


You had 13 spell levels left.
You didn't know any spells.
Your spell library was empty.

Dungeon Overview and Level Annotations

Branches:
Dungeon (5/15)             Temple (1/1) D:4

Altars:
Gozag
Okawaru
Sif Muna
Vehumet
Wu Jian
The Shining One


Innate Abilities, Weirdness & Mutations

Your experience applies equally to all skills.
You have very sharp teeth.
Your uncanny sense of smell can sniff out nearby items.


Message History

The gnoll is severely wounded.
You feel sick.
The gnoll hits you from afar with a spear!
* * * LOW HITPOINT WARNING * * *
The gnoll closely misses you. x2; The gnoll completely misses you.
You slash the gnoll!
You kill the gnoll!
You feel sick. The gnoll barely misses you. The gnoll misses you.
The gnoll barely misses you.
Items here: ))) ? †† You closely miss the gnoll.
You feel sick. The gnoll hits you with a spear!
* * * LOW HITPOINT WARNING * * *
The gnoll barely misses you.
You closely miss the gnoll. The gnoll barely misses you. The gnoll misses you.
You hit the gnoll.
The gnoll is poisoned.
The gnoll is moderately wounded.
You feel sick. The gnoll hits you with a spear.
* * * LOW HITPOINT WARNING * * *
The gnoll hits you with a spear.
You die...

...........P..)......
≈≈≈≈≈≈≈≈≈≈≈≈≈≈≈≈≈≈≈≈
≈≈≈≈≈≈≈≈≈≈≈≈≈≈≈≈≈≈≈
≈≈≈≈≈≈≈≈≈≈≈≈≈≈≈#
...........÷...#
##############'#
.'....#+# #.)).#.#
#.)..#@# ##'###g#
∆#.)..gg# #......#
################.#
...#......g....#.#
...'......).)..')#
...#...........#'###
'''#############...#


You could see 3 gnolls.

Vanquished Creatures
  Sigmund (D:2)
  2 centaurs (D:5)
  2 howler monkeys
  3 gnoll shamans
  A centaur skeleton (D:4)
  3 orc wizards
  Jessica (D:2)
  A worker ant (D:3)
  4 adders
  22 gnolls
  An ooze (D:2)
  2 adder skeletons (D:4)
  3 dart slugs
  2 leopard geckos
  10 orcs
  2 bats
  4 goblins
  3 hobgoblins
  17 jackals
  2 kobolds
  A quokka (D:1)
  2 frilled lizards (D:2)
  A jackal skeleton (D:4)
  A leopard gecko skeleton (D:4)
  4 rats
95 creatures vanquished.

Notes
Turn   | Place    | Note
-------+----------+-------------------------------------------
     0 | D:1      | Blackhawk the Gnoll Gladiator began the quest for the Orb.
     0 | D:1      | Reached XP level 1. HP: 20/20 MP: 1/1
   181 | D:1      | Reached XP level 2. HP: 26/26 MP: 2/2
   463 | D:2      | Noticed Sigmund
   505 | D:2      | Killed Sigmund
   505 | D:2      | Reached skill level 1 in Short Blades
   505 | D:2      | Reached skill level 1 in Long Blades
   505 | D:2      | Reached skill level 1 in Axes
   505 | D:2      | Reached skill level 1 in Polearms
   505 | D:2      | Reached skill level 1 in Staves
   505 | D:2      | Reached skill level 1 in Slings
   505 | D:2      | Reached skill level 1 in Bows
   505 | D:2      | Reached skill level 1 in Crossbows
   505 | D:2      | Reached skill level 1 in Armour
   505 | D:2      | Reached skill level 1 in Stealth
   505 | D:2      | Reached skill level 1 in Shields
   505 | D:2      | Reached skill level 1 in Unarmed Combat
   505 | D:2      | Reached skill level 1 in Spellcasting
   505 | D:2      | Reached skill level 1 in Conjurations
   505 | D:2      | Reached skill level 1 in Hexes
   505 | D:2      | Reached skill level 1 in Charms
   505 | D:2      | Reached skill level 1 in Summonings
   505 | D:2      | Reached skill level 1 in Necromancy
   505 | D:2      | Reached skill level 1 in Translocations
   505 | D:2      | Reached skill level 1 in Transmutations
   505 | D:2      | Reached skill level 1 in Fire Magic
   505 | D:2      | Reached skill level 1 in Ice Magic
   505 | D:2      | Reached skill level 1 in Air Magic
   505 | D:2      | Reached skill level 1 in Earth Magic
   505 | D:2      | Reached skill level 1 in Poison Magic
   505 | D:2      | Reached skill level 1 in Invocations
   505 | D:2      | Reached skill level 1 in Evocations
   505 | D:2      | Reached XP level 3. HP: 10/32 MP: 2/5
   505 | D:2      | Reached XP level 4. HP: 12/38 MP: 2/6
   505 | D:2      | Reached XP level 5. HP: 13/43 MP: 2/7
   952 | D:2      | Noticed Jessica
   954 | D:2      | Killed Jessica
  1187 | D:3      | Found an ornate altar of the Wu Jian Council.
  1236 | D:3      | Reached XP level 6. HP: 29/50 MP: 8/8
  1960 | D:3      | Reached skill level 5 in Fighting
  1960 | D:3      | Reached skill level 5 in Throwing
  2204 | D:4      | Found a staircase to the Ecumenical Temple.
  2227 | Temple   | Entered the Ecumenical Temple
  2455 | D:4      | Reached XP level 7. HP: 49/56 MP: 10/10
  3335 | D:4      | Found a deep blue altar of Sif Muna.
  3631 | D:5      | Entered Level 5 of the Dungeon
  4211 | D:5      | Reached XP level 8. HP: 15/63 MP: 12/12
  4519 | D:5      | Slain by a gnoll

Skill      XL: |  1  2  3  4  5  6  7  8 |
---------------+-------------------------+-----
Short Blades   | 1 2 3 |  3.0
Long Blades    | 1 2 3 |  3.0
Axes           | 1 2 3 |  3.0
Polearms       | 1 2 3 |  3.0
Staves         | 1 2 3 |  3.0
Slings         | 1 2 3 |  3.0
Bows           | 1 2 3 |  3.0
Crossbows      | 1 2 3 |  3.0
Armour         | 1 2 3 |  3.0
Stealth        | 1 2 3 |  3.0
Shields        | 1 2 3 |  3.0
Unarmed Combat | 1 2 3 |  3.0
Spellcasting   | 1 2 3 |  3.0
Conjurations   | 1 2 |  2.4
Hexes          | 1 2 |  2.4
Charms         | 1 2 |  2.4
Summonings     | 1 2 |  2.4
Necromancy     | 1 2 |  2.4
Translocations | 1 2 |  2.4
Transmutations | 1 2 |  2.4
Fire Magic     | 1 2 |  2.4
Ice Magic      | 1 2 |  2.4
Air Magic      | 1 2 |  2.4
Earth Magic    | 1 2 |  2.4
Poison Magic   | 1 2 |  2.4
Invocations    | 1 2 3 |  3.2
Evocations     | 1 2 3 |  3.0
Fighting       | 5 |  5.5
Throwing       | 5 |  5.5
Maces & Flails | 7 |  7.2
Dodging        | 7 |  7.2

Action                   |  1- 3 |  4- 6 |  7- 9 || total
-------------------------+-------+-------+-------++-------
Melee: Flail             |    45 |       |       ||    45
       Bite              |     3 |    13 |    19 ||    35
       Scythe            |       |    79 |   139 ||   218
  Use: Potion            |       |     2 |       ||     2
 Stab: Sleeping          |       |     6 |     4 ||    10
       Distracted        |       |       |     2 ||     2
  Eat: Chunk             |       |     5 |     7 ||    12
Armor: Leather armour    |    14 |       |       ||    14
       Robe              |       |    15 |    40 ||    55
       Skin              |       |     1 |       ||     1
Dodge: Dodged            |    43 |   130 |   243 ||   416
